 Dungeon Crawl Stone Soup version 0.19.5 (webtiles) character file.

149 Macharius the Shield-Bearer (level 5, -2/42 HPs)
             Began as a Formicid Fighter on Apr 15, 2017.
             Was an Initiate of Okawaru.
             Slain by a gnoll
             ... wielding a +0 halberd
              (5 damage)
             ... on level 3 of the Dungeon.
             The game lasted 00:06:40 (2374 turns).

Macharius the Shield-Bearer (Formicid Fighter)      Turns: 2374, Time: 00:06:41

Health: -2/42      AC:  7    Str: 27    XL:     5   Next: 57%
Magic:  5/5        EV:  8    Int:  7    God:    Okawaru [......]
Gold:   134        SH: 10    Dex: 10    Spells: 0 memorised, 4 levels left

rFire  . . .     SeeInvis +     a - +0 war axe
rCold  . . .     Gourm    .     b - +0 scale mail
rNeg   . . .     Faith    .     c - +0 shield
rPois  .         Spirit   .     (helmet unavailable)
rElec  .         Reflect  .     (no cloak)
rCorr  .         Harm     .     (no gloves)
MR     .....                    (no boots)
Stlth  ..........               (no amulet)
                                (no ring)
                                (no ring)

@: mighty
A: permanent stasis, dig shafts and tunnels, four strong arms, antennae 3
a: Dig, Shaft Self, Renounce Religion


You were on level 3 of the Dungeon.
You worshipped Okawaru.
Okawaru was noncommittal.
You were not hungry.

You visited 1 branch of the dungeon, and saw 3 of its levels.

You collected 134 gold pieces.

Inventory:

Hand Weapons
 a - a +0 war axe (weapon)
Armour
 b - a +0 scale mail (worn)
 c - a +0 shield (worn)
Wands
 p - a wand of enslavement (17/24)
Scrolls
 h - a scroll of enchant armour {unknown}
 j - a scroll of enchant weapon {unknown}
 l - a scroll of fear {unknown}
 n - a scroll of blinking
 o - a scroll of recharging {unknown}
 r - 2 scrolls of identify {unknown}
 v - a scroll of amnesia {unknown}
 w - a scroll of random uselessness {unknown}
Potions
 e - 2 potions of brilliance {unknown}
 g - a potion of resistance {unknown}
 i - a potion of agility {unknown}
 k - 3 potions of curing {unknown}
 m - 2 potions of degeneration {unknown}
 q - 2 potions of flight {unknown}
 s - a potion of ambrosia {unknown}
Comestibles
 f - 3 bread rations
 t - a meat ration
 u - a beef jerky


   Skills:
 + Level 4.2 Fighting
 + Level 3.4 Axes
 + Level 3.9 Armour
 + Level 0.5 Dodging
 + Level 4.6 Shields


You had 4 spell levels left.
You didn't know any spells.

Dungeon Overview and Level Annotations

Branches:
Dungeon (3/15)

Altars:
Elyvilon
Nemelex Xobeh
Okawaru


Innate Abilities, Weirdness & Mutations

You are under a permanent stasis effect.
You can dig through walls and to a lower floor.
Your four strong arms can wield two-handed weapons with a shield.
You have a pair of large antennae on your head. (SInv)


Message History

You hit the gnoll.
You kill the gnoll!
Okawaru accepts your kill.
The gnoll hits you from afar with a halberd.
The gnoll hits you but does no damage.
You closely miss the gnoll. You block the gnoll's attack.
The gnoll hits you with a club. You block the gnoll's attack.
You hit the gnoll.
The gnoll is moderately wounded.
The gnoll hits you but does no damage. You block the gnoll's attack.
You hit the gnoll.
The gnoll is moderately wounded.
The gnoll hits you with a club!
* * * LOW HITPOINT WARNING * * *
The gnoll hits you from afar with a halberd.
* * * LOW HITPOINT WARNING * * *
You block the gnoll's attack.
You feel very mighty all of a sudden.
The gnoll hits you from afar with a halberd.
You die...

#...# #...# ##†## #.#
####.### #......#
#.##.#.# # . ## #
#.#.##.#.... #.
#...@gg......#######.
###.##...............
#.# ......######..
..# #... #.# #### !#
#.# # #.# #.. ### #


You could see 2 gnolls.

Vanquished Creatures
  Jessica (D:3)
  A gnoll (D:3)
  3 adders
  2 worms (D:2)
  2 dart slugs
  3 leopard geckos (D:1)
  3 orcs (D:3)
  5 giant cockroaches
  12 goblins
  8 hobgoblins
  4 jackals (D:2)
  6 kobolds
  2 quokkas (D:2)
  A ball python (D:1)
  4 bats
  5 frilled lizards
  6 rats
68 creatures vanquished.

Notes
Turn   | Place    | Note
-------+----------+-------------------------------------------
     0 | D:1      | Macharius the Formicid Fighter began the quest for the Orb.
     0 | D:1      | Reached XP level 1. HP: 18/18 MP: 1/1
   149 | D:1      | Reached XP level 2. HP: 24/24 MP: 2/2
   200 | D:1      | Reached XP level 3. HP: 14/30 MP: 3/3
   366 | D:1      | Found an iron altar of Okawaru.
   410 | D:1      | Became a worshipper of Warmaster Okawaru
   929 | D:2      | Reached XP level 4. HP: 32/37 MP: 4/4
  1139 | D:2      | Found a white marble altar of Elyvilon.
  1871 | D:3      | Found a faded altar of an unknown god.
  1960 | D:3      | Noticed Jessica
  1973 | D:3      | Killed Jessica
  1973 | D:3      | Reached XP level 5. HP: 19/42 MP: 5/5
  2131 | D:3      | Found a sparkling altar of Nemelex Xobeh.
  2374 | D:3      | Slain by a gnoll

Skill      XL: |  1  2  3  4 |
---------------+-------------+-----
Shields        | 4 |  4.6
Fighting       | 4 |  4.2
Axes           | 3 |  3.4
Armour         | |  3.9
Dodging        | |  0.5

Action                   |  1- 3 |  4- 6 || total
-------------------------+-------+-------++-------
Melee: War axe           |    83 |   119 ||   202
  Use: Scroll            |       |     1 ||     1
       Potion            |       |     1 ||     1
  Eat: Chunk             |       |     5 ||     5
Armor: Scale mail        |    47 |    59 ||   106
Dodge: Dodged            |    34 |    39 ||    73
Block: Shield            |    62 |    68 ||   130
